cohdb
Replays
Latest Replays
All Replays
Popular Replays
Top Player Replays
Match Explorer
How It Works
Community
CoH3 Stats
Reddit
Sign in to upload your games and track your stats! →
Sign in with Steam
Match 41282516
Unlisted
Match 41282516
Overview
Messages
Build Orders
End
Construct Infanterie Kompanie
Kettenkrad Recon Vehicle
Grenadier Squad
Grenadier Squad
Grenadier Squad
Grenadier Squad
Infanterie Officer Quarters
Construct Luftwaffe Kompanie
Flak 30 Anti-aircraft Gun Team
Selects Breakthrough Battlegroup
Selects Assault Grenadiers
Selects Breakthrough
Selects Assault Grenadiers
Selects Breakthrough
Selects Mechanized Assault Group
Mechanized Assault Group
Construct Panzergrenadier Kompanie
Selects Rapid Production
Selects Blitzkrieg
40 years old player 小水水
SkengTecnicaInternational
0
0
Comments
sign in to comment!
No comments posted yet!